 Dungeon Crawl Stone Soup version 0.32-a0-818-gb728d0252e (webtiles) character file.

Game seed: 8326798715828994911

41 gimp the Digger (level 3, 0/24 HPs)
             Began as a Barachi Earth Elementalist on Mar 23, 2024.
             Shot with an arrow by Robin (9 damage)
             ... on level 2 of the Dungeon.
             The game lasted 00:03:29 (1467 turns).

gimp the Digger (Barachi Earth Elementalist)        Turns: 1467, Time: 00:03:29

Health: 0/24       AC:  2    Str:  9    XL:     3   Next: 52%
Magic:  7/7        EV: 11    Int: 17    God:
Gold:   39         SH:  0    Dex: 12    Spells: 6/7 levels left

rFire   . . .        a - +0 dagger
rCold   . . .        (no shield)
rNeg    . . .        e - +0 robe
rPois   .            (no helmet)
rElec   .            (no cloak)
rCorr   .            (no gloves)
SInv    .            (no boots)
Will    .....        (no amulet)
Stlth   ++           (no ring)
HPRegen 0.24/turn    (no ring)
MPRegen 0.10/turn

%: no passive effects
@: unable to hop, slow
A: amphibious, slowness 1, strong legs 1, +LOS
a: Hop


You were on level 2 of the Dungeon.
You visited 1 branch of the dungeon, and saw 2 of its levels.

You collected 39 gold pieces.

Inventory:

Hand Weapons
 a - a +0 dagger (weapon)
Armour
 e - a +0 robe (worn)
 j - a +0 helmet
Scrolls
 c - a scroll of vulnerability {unknown}
 h - a scroll of identify {unknown}
Potions
 b - a potion of magic
 d - 2 potions of heal wounds {unknown}
 f - a potion of attraction {unknown}
 g - a potion of ambrosia {unknown}
 i - a potion of haste {unknown}


   Skills:
 - Level 2.1 Dodging
 - Level 1.7 Stealth
 + Level 2.7 Spellcasting
 * Level 2.6 Conjurations
 + Level 3.3 Earth Magic


You had 6 spell levels left.
You knew the following spells:

 Your Spells              Type           Power      Damage    Failure   Level
a - Sandblast             Erth           26%        2d8       4%          1

Your spell library contained the following spells:

 Spells                   Type           Power      Damage    Failure   Level
 Passwall                 Erth           13%        N/A       14%         3
 Stone Arrow              Conj/Erth      24%        3d8       16%         3
 Dazzling Flash           Conj/Hex       12%        N/A       30%         3
 Mephitic Cloud           Conj/Alch/Air  5%         N/A       36%         3
 Brom's Barrelling Bould  Conj/Erth      12%        2d4       45%         4
 Petrify                  Alch/Erth      8%         N/A       65%         4
 Curse of Agony           Necr           2%         N/A       99%         5
 Silence                  Hex/Air        1%         N/A       99%         5


Dungeon Overview and Level Annotations

Branches:
Dungeon (2/15)

Altars:

Annotations:
D:2 Robin, Terence


Innate Abilities, Weirdness & Mutations

You are amphibious.
You cover ground slowly.
You can hop short distances.
You have an extended range of vision and can be seen from far away.


Message History

Things that are here:
a +0 club; a +0 sling; a goblin corpse HP restored.
Magic restored.
Found 6 boomerangs.
Health restored: 24; MP restored: 6 An adder comes into view.
The adder bites you.
You are poisoned.
The adder poisons you! The adder bites you but does no damage.
You take 1 damage, and have 23/24 hp.
Casting: Sandblast (safe; 4% risk of failure)
Confirm with . or Enter, or press ? or * to list all spells.
Aiming: Sandblast (safe; 4% risk of failure)
Press: ? - help, Shift-Dir - straight line, f - adder
Aim: an adder (70% to hit)
The blast of sand misses the adder.
You feel sick. The adder bites you.
You are more poisoned.
The adder poisons you! The adder bites you.
You are more poisoned.
The adder poisons you!
You take 5 damage, and have 18/24 hp.
MASSIVE DAMAGE!!
You now have 5/6 mp.
Casting: Sandblast (safe; 4% risk of failure)
Confirm with . or Enter, or press ? or * to list all spells.
Aiming: Sandblast (safe; 4% risk of failure)
Press: ? - help, Shift-Dir - straight line, f/p - adder
Aim: an adder (70% to hit)
The blast of sand hits the adder!
You kill the adder!
You feel very sick.
You take 3 damage, and have 15/24 hp.
You now have 4/7 mp.
Casting: Sandblast (safe; 4% risk of failure)
Confirm with . or Enter, or press ? or * to list all spells.
You can't see any susceptible monsters within range! (Use Z to cast anyway.)
You feel sick.
You take 2 damage, and have 13/24 hp.
You feel sick.
You take 2 damage, and have 11/24 hp.
You feel sick.
You feel sick.
You take 1 damage, and have 10/24 hp.
You feel sick.
You take 2 damage, and have 8/24 hp.
You feel sick.
You are no longer poisoned.
You take 1 damage, and have 7/24 hp.
You see here 6 boomerangs.
You see here an adder corpse.
j - a +0 helmet You see here a +0 dagger.
Health restored: 24; MP restored: 7 A goblin comes into view.
It is wielding a +0 dagger.
Casting: Sandblast (safe; 4% risk of failure)
Confirm with . or Enter, or press ? or * to list all spells.
You can't see any susceptible monsters within range! (Use Z to cast anyway.)
Casting: Sandblast (safe; 4% risk of failure)
Confirm with . or Enter, or press ? or * to list all spells.
You can't see any susceptible monsters within range! (Use Z to cast anyway.)
Casting: Sandblast (safe; 4% risk of failure)
Confirm with . or Enter, or press ? or * to list all spells.
Aiming: Sandblast (safe; 4% risk of failure)
Press: ? - help, Shift-Dir - straight line, f - goblin
Aim: a goblin, wielding a +0 dagger (asleep, 100% to hit)
The blast of sand hits the goblin.
You kill the goblin!
You now have 6/7 mp.
Casting: Sandblast (safe; 4% risk of failure)
Confirm with . or Enter, or press ? or * to list all spells.
You can't see any susceptible monsters within range! (Use Z to cast anyway.)
Things that are here:
a +0 dagger; a goblin corpse Terence the Incautious comes into view.
He is wielding a +0 flail and carrying a wand of flame.
Terence shouts!
Terence zaps a wand.
The puff of flame misses you.
MP restored: 7 Terence is nearby!
Things that are here:
a +0 dagger; a goblin corpse Terence zaps a wand.
The puff of flame misses you.
Casting: Sandblast (safe; 4% risk of failure)
Confirm with . or Enter, or press ? or * to list all spells.
Okay, then.
Unknown command.
Robin of the Strong Arm comes into view.
Terence zaps a wand.
The puff of flame misses you.
Terence screams, "I'm going to kill you!"
Robin wields a +3 shortbow of freezing.
It is covered in frost.
Robin shoots an arrow.
The arrow hits you. The arrow freezes you.
You take 4 damage, and have 20/24 hp.
Robin shoots an arrow.
The arrow hits you! The arrow freezes you.
You take 11 damage, and have 9/24 hp.
MASSIVE DAMAGE!!
Press: ? - help, v - describe, . - travel
Here: Robin, wielding a +3 shortbow of freezing, wearing a +0 animal skin and wearing a ring of fire The floor.
Unknown command.
Hop to where?
Press: ? - help, Dir - move target Boing!
Robin shoots an arrow.
The arrow hits you!
You die...
Robin lets out a smug laugh.

#. #.#.#
######## ####.#
#####.#.#
......##.)...#.#
#.....###...#
#.....# #.###
##...#.###.#
#.♣♣...☼...#
##.g.......#
#...###@###
###.# #.# #.#
#.# #.# #.# #@#
#.# #.# #.. @.
#.#######.....
#).....@..#
###########


You could see Robin.

Vanquished Creatures
  An adder (D:2)
  4 ball pythons (D:1)
  2 bats (D:1)
  3 endoplasms
  2 giant cockroaches (D:1)
  4 goblins
  5 hobgoblins
  2 jackals (D:1)
  A kobold (D:1)
  2 rats (D:1)
26 creatures vanquished.

Notes
Turn   | Place    | Note
-------+----------+-------------------------------------------
     0 | D:1      | gimp the Barachi Earth Elementalist began the quest for the
                  | Orb.
     0 | D:1      | Reached XP level 1. HP: 13/13 MP: 3/3
   265 | D:1      | Reached XP level 2. HP: 19/19 MP: 1/5
  1191 | D:1      | Reached XP level 3. HP: 24/24 MP: 4/6
  1452 | D:2      | Noticed Terence
  1461 | D:2      | Noticed Robin
  1467 | D:2      | Shot with an arrow by Robin

Illustrated notes

Levels and vault maps discovered:
D:1:      scummos_arrival_forest, layout_basic
D:2:      layout_loops_ring, serial_forest, infiniplex_forest_lined_room_3,
          infiniplex_forest_clump_large, infiniplex_forest_lined_room_2,
          infiniplex_forest_clump_tiny, infiniplex_forest_lined_ring,
          ebering_ecumenical_altar_hall, uniq_terence, uniq_robin

Skill      XL: |  1  2 |
---------------+-------+-----
Conjurations   | 2 |  2.6
Dodging        | |  2.1
Stealth        | |  1.7
Spellcasting   | |  2.7
Earth Magic    | |  3.3

Action                     || total
---------------------------++-------
  Melee: Dagger            ||    14
   Cast: Sandblast         ||    39
Ability: Hop               ||     1
 Armour: Robe              ||    19
  Dodge: Dodged            ||    17

Table legend: (Time is in decaauts)
 A = Elapsed time spent in this place.
 B = Non-inter-level travel time spent in this place.
 C = Inter-level travel time spent in this place.
 D = Time resting spent in this place.
 E = Time spent auto-exploring this place.
 F = Levels seen in this place.
 G = Mean time per level.
                   A        B        C        D        E       F      G
               +--------+--------+--------+--------+--------+-----+--------+
         Total |   1674 |   1665 |      9 |      5 |   1419 |   2 |  837.0 |
       Dungeon |   1674 |   1665 |      9 |      5 |   1419 |   2 |  837.0 |
               +--------+--------+--------+--------+--------+-----+--------+

Top non-repeatable levels by time:
     D:1: 1398 daAuts
     D:2: 276 daAuts
